 Dungeon Crawl Stone Soup version 0.17.1-2-g5865329 (webtiles) character file.

76246 Flanowski the Warrior (level 15, 0/108 HPs)
             Began as a Gargoyle Gladiator on Jan 14, 2016.
             Was a High Priest of the Shining One.
             Slain by a troll (7 damage)
             ... on level 4 of the Orcish Mines.
             The game lasted 00:58:53 (28492 turns).

Flanowski the Warrior (Gargoyle Gladiator)         Turns: 28492, Time: 00:58:53

Health: 0/108      AC: 36    Str: 25    XL:     15   Next: 52%
Magic:  15/15      EV:  9    Int:  9    God:    the Shining One [*****.]
Gold:   2722       SH:  0    Dex: 10    Spells: 0 memorised, 14 levels left

rFire  . . .     SeeInvis .     a - +2 quarterstaff (freeze)
rCold  . . .     Clarity  .     o - +0 plate armour
rNeg   + + +     SustAt   .     (shield currently unavailable)
rPois  ∞         Gourm    .     c - +0 helmet
rElec  +         Spirit   .     A - +1 cloak {rPois}
rCorr  .         Warding  .     S - +0 pair of gloves
rMut   .         Stasis   .     M - +2 pair of boots {Fly}
MR     +++..                    (no amulet)
Stlth  ..........               z - ring of protection from magic
                                n - ring of protection from magic

@: about to teleport, flying, glowing, extremely resistant to hostile
enchantments, extremely unstealthy
A: big wings, talons 1, negative energy resistance 1, electricity resistance,
unbreathing, petrification resistance, rot immunity, subdued magic 1, MP-powered
wands, AC +11
a: Stop Flying, Divine Shield, Cleansing Flame, Summon Divine Warrior, Renounce
Religion


You were on level 4 of the Orcish Mines.
You worshipped the Shining One.
The Shining One was extremely pleased with you.
You were not hungry.

You visited 4 branches of the dungeon, and saw 23 of its levels.

You collected 2722 gold pieces.

Inventory:

Hand Weapons
 a - a +2 quarterstaff of freezing (weapon)
 s - the +3 triple sword of Quantum Leap {slice, *Rage rElec rC+ Stlth+}
   (You acquired it on level 5 of the Lair of Beasts)

   It inflicts extra damage upon your enemies.
   It protects you from cold.
   It insulates you from electricity.
   It may make you go berserk in combat.
   It makes you more stealthy.
 Y - the +1 long sword "Ogreslayer" {flame, MR+ Str+5 SInv}
   (You found it on level 2 of the Lair of Beasts)

   It has been specially enchanted to burn those struck by it, causing extra
   injury to most foes and up to half again as much damage against particularly
   susceptible opponents.
   Big, fiery blades are also staple armaments of hydra-hunters.
   It affects your strength (+5).
   It affects your resistance to hostile enchantments.
   It lets you see invisible.
Missiles
 d - 4 throwing nets (quivered)
Armour
 b - the +4 chain mail of Nemelex Xobeh's Regard {*Confuse +Fly Str-3 Slay+3}
   (You found it on level 5 of the Lair of Beasts)

   It affects your strength (-3).
   It affects your accuracy and damage with ranged weapons and melee attacks
   (+3).
   It lets you fly.
   It may confuse you when you take damage.
 c - a +0 helmet (worn)
 o - a +0 plate armour (worn)
 A - a +1 cloak of poison resistance (worn)
 M - a +2 pair of boots of flying (worn)
 S - a +0 pair of gloves (worn)
Jewellery
 g - an uncursed amulet of stasis
 n - a ring of protection from magic (left hand)
 z - a ring of protection from magic (right hand)
Wands
 f - a wand of confusion (25)
 v - a wand of magic darts (28)
 C - a wand of fire (13)
Scrolls
 i - 6 scrolls of magic mapping
 j - 7 scrolls of random uselessness
 m - 10 scrolls of identify
 q - 3 scrolls of enchant armour
 t - 4 scrolls of amnesia
 D - a scroll of immolation
 G - a scroll of vulnerability
 K - 5 scrolls of remove curse
 X - 2 scrolls of recharging
Potions
 l - 6 potions of brilliance
 p - a potion of cancellation
 u - a potion of magic
 w - a potion of degeneration
 x - a potion of invisibility
 E - 2 potions of cure mutation
Books
 h - a Necronomicon

   Spells                             Type                      Level
   a - Haunt                          Necromancy/Summoning         7
   b - Borgnjor's Revivification      Necromancy                   8
   c - Death's Door                   Charms/Necromancy            8
   d - Necromutation                  Transmutation/Necromancy     8
   The Shining One disapproves of the use of such an item.
 y - a book of Frost

   Spells                             Type                      Level
   a - Freeze                         Ice                          1
   b - Throw Frost                    Conjuration/Ice              2
   c - Ozocubu's Armour               Charms/Ice                   3
   d - Throw Icicle                   Conjuration/Ice              4
   e - Summon Ice Beast               Ice/Summoning                4
   f - Condensation Shield            Ice                          4
 N - a book of Annihilations

   Spells                             Type                      Level
   a - Poison Arrow                   Conjuration/Poison           6
   b - Chain Lightning                Conjuration/Air              8
   c - Lehudib's Crystal Spear        Conjuration/Earth            8
   d - Glaciate                       Conjuration/Ice              9
   e - Fire Storm                     Conjuration/Fire             9
 P - a book of Flames

   Spells                             Type                      Level
   a - Flame Tongue                   Conjuration/Fire             1
   b - Throw Flame                    Conjuration/Fire             2
   c - Conjure Flame                  Conjuration/Fire             3
   d - Inner Flame                    Hexes/Fire                   3
   e - Sticky Flame                   Conjuration/Fire             4
   f - Fireball                       Conjuration/Fire             5
 Q - a book of Maledictions

   Spells                             Type                      Level
   a - Corona                         Hexes                        1
   b - Ensorcelled Hibernation        Hexes/Ice                    2
   c - Confuse                        Hexes                        3
   d - Tukima's Dance                 Hexes                        3
   e - Dazzling Spray                 Conjuration/Hexes            3
Comestibles
 e - 8 bread rations
 r - 50 fruits
 B - 5 meat rations
 I - 13 royal jellies
 O - 4 beef jerkies
 Z - 3 slices of pizza


   Skills:
 * Level 17.6 Fighting
 + Level 15.3 Staves
 - Level 1.7 Throwing
 + Level 13.6 Armour
 + Level 5.6 Dodging
 + Level 2.8 Stealth
 + Level 0.4 Invocations


You had 14 spell levels left.
You didn't know any spells.

Dungeon Overview and Level Annotations

Branches:
Dungeon (10/15)            Temple (1/1) D:6            Lair (8/8) D:10
 Shoals (0/4) Lair:5        Snake (0/4) Lair:5        Slime (0/6) Lair:8
    Orc (4/4) D:9
    Elf: Orc:3-4

Altars:
Ashenzari
Cheibriados
Elyvilon
Fedhas
Gozag
Kikubaaqudgha
Makhleb
Nemelex Xobeh
Okawaru
Qazlal
Ru
Sif Muna
Trog
Xom
Zin
The Shining One
Beogh
Jiyva

Shops:
D:5 *   Orc:3 %   Orc:4 [:

Portals:
Hell: Lair:8

Annotations:
D:6 Prince Ribbit
Lair:4 Sonja
Orc:4 Rupert


Innate Abilities, Weirdness & Mutations

You are resistant to torment.
Your stone body is resilient (AC +11).
You are immune to poison.
Your large and strong wings let you fly indefinitely.
You resist negative energy.
You are resistant to electric shocks.
You can survive without breathing.
You are immune to petrification.
You are immune to rotting.
You have sharp toenails.
Your spells are a little easier to cast, but a little less powerful.
You expend magic power (3 MP) to strengthen your wands.


Message History

The troll barely misses you.
The orc priest calls down the wrath of Beogh upon you.
Something smites you!
* * * LOW HITPOINT WARNING * * *
Drink which item? (? for menu, Esc to quit)
Okay, then.
Read which item? (? for menu, Esc to quit)
As you read the scroll of fog, it crumbles to dust.
The scroll dissolves into smoke.
The ynoxinul misses you.
The orc knight hits you with a great sword.
* * * LOW HITPOINT WARNING * * *
The red devil hits you but does no damage.
The troll bites you but does no damage. The troll claws you but does no damage.
The troll claws you but does no damage.
Read which item? (? for menu, Esc to quit)
As you read the scroll of teleportation, it crumbles to dust.
You feel strangely unstable.
The ynoxinul hits you but does no damage.
The troll barely misses you. The troll claws you!
You die...

.8..P....
P..........
........o###
......C....##
##.........o.#
#............#
.............####
##.........oo##o##
.o.<.........#oT@#
o.....#....oooT3##
.....##......$45.#
.....#.#.......5.#
........##....####
...o...##......
.......#....###.
.....§...... .#...
.....#


You could see an orc knight, 2 trolls, a ynoxinul, a red devil, an orc
(frenzied) and an ufetubus.

Vanquished Creatures
  Maud (Lair:6)
  Nessos (Lair:6)
  2 dire elephants (Lair:8)
  8 hydras
  A queen ant (Lair:4)
  6 death yaks (Lair:7)
  Urug (Orc:2)
  A sun demon (Lair:8)
  Nergalle (Lair:1)
  A wizard (Lair:8)
  A lindwurm (Lair:1)
  An unseen horror (D:10)
  2 hill giants (D:10)
  A sixfirhy (Lair:8)
  2 griffons (Lair:6)
  23 elephants
  9 black mambas
  Joseph (D:7)
  3 orange demons (Lair:8)
  A smoke demon (Lair:8)
  A torpor snail (Lair:8)
  14 spiny frogs
  2 fire drakes
  The ghost of Flanowski the Skirmisher, a novice GrGl (D:7)
  10 komodo dragons
  3 blue devils (Lair:8)
  2 red devils (Lair:8)
  5 trolls
  A queen bee (D:10)
  2 boulder beetles (Lair:5)
  16 blink frogs
  A snapping turtle (Lair:5)
  2 wyverns
  56 yaks
  Grum (D:8)
  4 basilisks
  A steam dragon (D:10)
  3 vampire mosquitoes (Lair:6)
  25 wolves
  20 soldier ants
  Edmund (D:6)
  10 hippogriffs
  4 insubstantial wisps (Lair:6)
  3 wargs
  2 hell hounds (Lair:8)
  11 porcupines
  14 orc warriors
  12 water moccasins
  4 black bears
  An eye of draining (D:10)
  12 ogres
  5 sky beasts
  4 ice beasts
  4 centaurs
  11 crocodiles
  2 big kobolds
  Blork the orc (D:6)
  18 giant frogs
  A wyvern skeleton (D:6)
  23 killer bees
  2 scorpions
  10 electric eels
  7 crimson imps
  A giant frog zombie (D:9)
  A jelly (D:8)
  20 orc priests
  A centaur skeleton (D:6)
  3 giant frog skeletons
  A gnoll shaman (D:6)
  11 iguanas
  Crazy Yiuf (D:5)
  5 hounds
  23 orc wizards
  Jessica (D:2)
  Natasha (thrice) (D:2)
  20 sheep
  23 worker ants
  A hound zombie (D:8)
  36 river rats
  A worker ant zombie (D:5)
  15 adders
  17 gnolls
  2 shadow imps
  An ooze (D:1)
  An adder zombie (D:7)
  7 worms
  151 orcs
  15 bats
  8 goblins
  6 hobgoblins
  9 jackals
  21 kobolds
  5 quokkas
  2 ball pythons
  7 giant cockroaches
  7 giant geckos
  2 giant newts
  11 rats
  A toadstool (D:1)
839 creatures vanquished.

Vanquished Creatures (others)
  2 boulder beetles (Lair:5)
  A vampire mosquito (Lair:6)
  A river rat (Lair:5)
  16 fungi
  10 plants
  3 toadstools (D:1)
33 creatures vanquished.

Grand Total: 872 creatures vanquished

Notes
Turn   | Place    | Note
--------------------------------------------------------------
     0 | D:1      | Flanowski the Gargoyle Gladiator began the quest for the Orb.
     0 | D:1      | Reached XP level 1. HP: 12/12 MP: 1/1
    83 | D:1      | Reached XP level 2. HP: 8/18 MP: 2/2
   475 | D:1      | Reached XP level 3. HP: 22/22 MP: 3/3
   964 | D:2      | Noticed Natasha
   978 | D:2      | Killed Natasha
   978 | D:2      | Reached skill level 1 in Armour
   978 | D:2      | Reached XP level 4. HP: 4/27 MP: 4/4
  1430 | D:2      | Noticed Jessica
  1433 | D:2      | Killed Jessica
  2040 | D:2      | Reached XP level 5. HP: 28/32 MP: 5/5
  2087 | D:2      | Noticed Natasha
  2093 | D:2      | Killed Natasha
  2412 | D:2      | Noticed Natasha
  2415 | D:2      | Killed Natasha
  2826 | D:3      | Reached XP level 6. HP: 20/38 MP: 6/6
  3005 | D:3      | Reached skill level 4 in Fighting
  3679 | D:5      | Entered Level 5 of the Dungeon
  3786 | D:5      | Reached XP level 7. HP: 24/44 MP: 7/7
  4263 | D:5      | Found Fukk's General Store.
  4274 | D:5      | Reached skill level 5 in Fighting
  4377 | D:5      | Reached skill level 5 in Staves
  4932 | D:5      | Reached XP level 8. HP: 51/51 MP: 8/8
  4956 | D:5      | Reached skill level 6 in Fighting
  5353 | D:5      | Noticed Crazy Yiuf
  5387 | D:5      | Killed Crazy Yiuf
  5392 | D:5      | Reached skill level 5 in Armour
  5865 | D:6      | Reached skill level 7 in Fighting
  5943 | D:6      | Found a shattered altar of Ashenzari.
  5958 | D:6      | Reached skill level 1 in Stealth
  6001 | D:6      | Noticed Blork the orc
  6022 | D:6      | Killed Blork the orc
  6129 | D:6      | Noticed Edmund
  6136 | D:6      | Killed Edmund
  6136 | D:6      | Reached XP level 9. HP: 57/57 MP: 9/9
  6141 | D:6      | Found a staircase to the Ecumenical Temple.
  6152 | Temple   | Entered the Ecumenical Temple
  6355 | Temple   | Became a worshipper of the Shining One
  6449 | D:6      | Noticed Prince Ribbit
  6759 | D:6      | Noticed a hill giant
  6809 | D:7      | Reached skill level 8 in Fighting
  7174 | D:7      | Noticed Flanowski's ghost (novice GrGl)
  7181 | D:7      | Noticed Joseph
  7228 | D:7      | Killed Flanowski's ghost
  7245 | D:7      | Killed Joseph
  7285 | D:7      | Found a sacrificial altar of Ru.
  7693 | D:7      | Reached skill level 9 in Fighting
  7784 | D:8      | Reached * piety under the Shining One
  8258 | D:8      | Noticed Grum
  8262 | D:8      | Reached XP level 10. HP: 59/66 MP: 10/10
  8282 | D:8      | Killed Grum
  9030 | D:9      | Reached skill level 10 in Fighting
  9056 | D:9      | Found a staircase to the Orcish Mines.
  9419 | D:9      | Reached ** piety under the Shining One
  9922 | D:9      | Found a blossoming altar of Fedhas.
 10016 | D:9      | Reached skill level 11 in Fighting
 10545 | D:9      | Reached XP level 11. HP: 46/74 MP: 11/11
 10858 | D:10     | Entered Level 10 of the Dungeon
 10886 | D:10     | Found a staircase to the Lair.
 11133 | D:10     | Noticed an unseen horror
 11144 | D:10     | Killed an unseen horror
 11195 | D:10     | Noticed a hill giant
 11205 | D:10     | Killed a hill giant
 11314 | D:10     | Reached skill level 12 in Fighting
 11596 | D:10     | Noticed a hill giant
 11604 | D:10     | Killed a hill giant
 11604 | D:10     | Reached skill level 10 in Staves
 11950 | D:10     | Reached *** piety under the Shining One
 12229 | Lair:1   | Entered Level 1 of the Lair of Beasts
 12793 | Lair:1   | Found a dark tunnel.
 12793 | Lair:1   | Noticed a lindwurm
 12812 | Lair:1   | Killed a lindwurm
 13159 | Lair:1   | Noticed Nergalle
 13208 | Lair:1   | Killed Nergalle
 13353 | Lair:1   | Reached skill level 13 in Fighting
 13359 | Lair:1   | Reached XP level 12. HP: 74/84 MP: 12/12
 13988 | Lair:2   | Got an ancient long sword
 13989 | Lair:2   | Identified the +1 long sword "Ogreslayer" {flame, MR+ Str+5 SInv} (You found it on level 2 of the Lair of Beasts)
 14057 | Lair:2   | Reached skill level 10 in Armour
 14300 | Lair:2   | Gained mutation: You have sharp toenails. [potion of mutation]
 14300 | Lair:2   | Gained mutation: You expend magic power (3 MP) to strengthen your wands. [potion of mutation]
 14300 | Lair:2   | Gained mutation: Your mind is acute. (Int +2) [potion of mutation]
 14301 | Lair:2   | Gained mutation: Your spells are a little easier to cast, but a little less powerful. [potion of mutation]
 14301 | Lair:2   | Lost mutation: Your mind is acute. (Int +2) [potion of mutation]
 15609 | Lair:3   | Reached skill level 14 in Fighting
 16134 | Lair:3   | Reached skill level 5 in Dodging
 16745 | Lair:4   | Reached XP level 13. HP: 81/91 MP: 13/13
 17095 | Lair:4   | Reached **** piety under the Shining One
 17095 | Lair:4   | Noticed a queen ant
 17180 | Lair:4   | Killed a queen ant
 17584 | Lair:4   | Reached skill level 15 in Fighting
 17843 | Lair:4   | Noticed Sonja
 17858 | Lair:4   | Noticed a seven-headed hydra
 18751 | Lair:5   | Found a staircase to the Snake Pit.
 18847 | Lair:5   | Identified a scroll of acquirement
 18850 | Lair:5   | Got a slimy triple sword
 18852 | Lair:5   | Identified the +3 triple sword of Quantum Leap {slice, *Rage rElec rC+ Stlth+} (You acquired it on level 5 of the Lair of Beasts)
 19045 | Lair:5   | HP: 4/92 [squashed by a boulder beetle (16)]
 19512 | Lair:5   | Found a staircase to the Shoals.
 19787 | Lair:5   | Got an encrusted chain mail
 19788 | Lair:5   | Identified the +4 chain mail of Nemelex Xobeh's Regard {*Confuse +Fly Str-3 Slay+3} (You found it on level 5 of the Lair of Beasts)
 20125 | Lair:6   | Noticed Maud
 20148 | Lair:6   | Killed Maud
 20148 | Lair:6   | Gained mutation: Your large and strong wings let you fly indefinitely. [Gargoyle growth]
 20148 | Lair:6   | Reached XP level 14. HP: 78/99 MP: 14/14
 20418 | Lair:6   | Noticed Nessos
 20471 | Lair:6   | Killed Nessos
 20528 | Lair:6   | Reached skill level 16 in Fighting
 22891 | Lair:8   | Entered Level 8 of the Lair of Beasts
 23062 | Lair:8   | Found a viscous altar of Jiyva.
 23062 | Lair:8   | Found a staircase to the Slime Pits.
 23200 | Lair:8   | Reached ***** piety under the Shining One
 23225 | Lair:8   | Reached skill level 17 in Fighting
 23279 | Lair:8   | Reached XP level 15. HP: 73/107 MP: 15/15
 24306 | Lair:8   | Reached skill level 15 in Staves
 24572 | Lair:8   | Found a burning altar of Makhleb.
 25122 | Lair:8   | Found a gateway to Hell.
 26159 | Orc:1    | Entered Level 1 of the Orcish Mines
 26756 | Orc:2    | Found a roughly hewn altar of Beogh.
 26866 | Orc:2    | Noticed Urug
 26898 | Orc:2    | Killed Urug
 27699 | Orc:3    | Found Beaneodgh's Food Shoppe.
 28412 | Orc:4    | Entered Level 4 of the Orcish Mines
 28471 | Orc:4    | Found Isaegen's Antique Armour Emporium.
 28471 | Orc:4    | Noticed Rupert
 28475 | Orc:4    | Found Paarunen's Book Boutique.
 28492 | Orc:4    | Slain by a troll

Action                   |  1- 3 |  4- 6 |  7- 9 | 10-12 | 13-15 || total
-------------------------+-------+-------+-------+-------+-------++-------
Melee: Quarterstaff      |   102 |   236 |   536 |  1065 |  1987 ||  3926
Invok: Divine Shield     |       |       |       |       |     1 ||     1
  Use: Potion            |       |     2 |     4 |     9 |    13 ||    28
       Scroll            |       |     8 |     2 |     7 |    14 ||    31
 Stab: Confused          |       |       |     1 |       |       ||     1
       Petrifying        |       |       |     1 |       |       ||     1
       Paralysed         |       |       |     1 |       |       ||     1
  Eat: Chunk             |       |    10 |    10 |    19 |    35 ||    74
       Bread ration      |       |       |     1 |     2 |     1 ||     4
